 Dungeon Crawl Stone Soup version 0.29.1-15-g9cfb28693d (webtiles) character file.

Game seed: 15458027920403301924

133 Smoke131 the Firebug (level 4, -1/33 HPs)
             Began as a Draconian Fire Elementalist on Feb 25, 2023.
             Was an Initiate of Vehumet.
             Killed by nerve-wracking pain
             ... invoked by Grinder
              (7 damage)
             ... on level 3 of the Dungeon.
             The game lasted 00:05:54 (2979 turns).

Smoke131 the Firebug (Draconian Fire Elementalist)  Turns: 2979, Time: 00:05:54

Health: -1/33      AC:  6    Str: 16    XL:     4   Next: 94%
Magic:  3/8        EV: 16    Int: 17    God:    Vehumet [......]
Gold:   124        SH:  0    Dex: 12    Spells: 5/8 levels left

rFire   . . .      SeeInvis .   r - staff of conjuration
rCold   . . .      Faith    .   (no shield)
rNeg    . . .      Spirit   .   (body armour unavailable)
rPois   .          Reflect  .   (helmet restricted)
rElec   .          Harm     .   s - +0 cloak
rCorr   .          Rampage  .   (no gloves)
Will    .....                   (no boots)
Stlth   ++........              (no amulet)
HPRegen 0.11/turn               g - +6 ring of strength
MPRegen 0.11/turn               j - +4 ring of evasion

@: no status effects
A: AC +5, unfitting armour, cold-blooded
a: Renounce Religion


You were on level 3 of the Dungeon.
You worshipped Vehumet.
Vehumet was noncommittal.
You visited 1 branch of the dungeon, and saw 3 of its levels.

You collected 124 gold pieces.

Inventory:

Hand Weapons
 i - a +0 flail
Armour
 s - a +0 cloak (worn)
Magical Staves
 r - a staff of conjuration (weapon)
Jewellery
 g - a +6 ring of strength (left hand)
 j - a +4 ring of evasion (right hand)
Wands
 b - a wand of roots (22)
Scrolls
 d - 8 scrolls of identify {unknown}
 k - a scroll of torment {unknown}
 l - a scroll of enchant weapon {unknown}
 o - a scroll of vulnerability {unknown}
 p - a scroll of blinking {unknown}
 q - a scroll of amnesia {unknown}
 t - a scroll of teleportation {unknown}
 u - a scroll of magic mapping {unknown}
 v - a scroll of brand weapon {unknown}
Potions
 c - a potion of resistance
 e - a potion of lignification {unknown}
 f - a potion of heal wounds {unknown}
 h - a potion of cancellation {unknown}
 m - a potion of brilliance {unknown}
 n - a potion of haste {unknown}
 w - a potion of flight {unknown}


   Skills:
 + Level 2.7 Dodging
 - Level 1.7 Stealth
 + Level 2.9 Spellcasting
 + Level 2.3 Conjurations
 + Level 3.8 Fire Magic


You had 5 spell levels left.
You knew the following spells:

 Your Spells              Type           Power      Damage    Failure   Level
a - Foxfire               Conj/Fire      76%        2x1d7     4%          1
b - Scorch                Fire           30%        2d7       5%          2

Your spell library contained the following spells:

 Spells                   Type           Power      Damage    Failure   Level
 Shock                    Conj/Air       36%        1d5       11%         1
 Conjure Flame            Conj/Fire      19%        6-21      14%         3
 Apportation              Tloc           4%         N/A       19%         1
 Inner Flame              Hex/Fire       9%         N/A       24%         3
 Flame Wave               Conj/Fire      19%        2d7       43%         4
 Summon Guardian Golem    Hex/Summ       2%         N/A       47%         3
 Alistair's Intoxication  Tmut/Pois      1%         N/A       99%         5
 Orb of Destruction       Conj           7%         9d6       100%        7
 Spellforged Servitor     Conj/Summ      4%         N/A       100%        7


Dungeon Overview and Level Annotations

Branches:
Dungeon (3/15)

Altars:
Vehumet

Annotations:
D:3 Grinder


Innate Abilities, Weirdness & Mutations

Your plain brown scales are hard. (AC +5)
You cannot fit into any form of body armour.
You are cold-blooded and may be slowed by cold attacks.


Message History

Confirm with . or Enter, or press ? or * to list all spells.
You miscast Scorch.
You are very lightly contaminated with residual magic.
Nothing appears to happen.
Grinder blinks!
Casting: Scorch (safe; 5% risk of failure)
Confirm with . or Enter, or press ? or * to list all spells.
Flames lash Grinder.
Grinder is burned terribly!
Grinder is lightly wounded.
Grinder closely misses you.
Casting: Scorch (safe; 5% risk of failure)
Confirm with . or Enter, or press ? or * to list all spells.
Flames lash Grinder.
Grinder is burned terribly!
Grinder is moderately wounded.
Grinder drinks a potion.
Grinder suddenly seems more resistant.
Magic courses through your body. Grinder hits you but does no damage.
Casting: Scorch (safe; 5% risk of failure)
Confirm with . or Enter, or press ? or * to list all spells.
Flames lash Grinder.
Grinder is heavily wounded.
Grinder hits you!
You writhe in agony.
Casting: Scorch (safe; 5% risk of failure)
Confirm with . or Enter, or press ? or * to list all spells.
Flames lash Grinder.
Grinder is severely wounded.
Grinder gestures at you.
You suddenly lose the ability to move!
Grinder hits you.
You writhe in agony.
Grinder hits you but does no damage.
Your magical contamination has completely faded away.
Grinder hits you.
You writhe in agony.
Grinder hits you!
* * * LOW HITPOINT WARNING * * *
You can move again.
Casting: Scorch (safe; 5% risk of failure)
Confirm with . or Enter, or press ? or * to list all spells.
Flames lash Grinder.
Grinder is almost dead.
Grinder gestures at you. Pain shoots through your body!
You die...

.##....# .#.....#
#..# ...#...# #..#
..##...# #..#
..##.### #..#
..##'###### ##..#
..........# ...
..........# #.#
..........# #@#
.###'###### #5#
.....# #.# ######
#.# #### #.# ....
#.#
################.#
...............#.#
..############.#.#


You could see Grinder (resistant, combustible).

Vanquished Creatures
  An orc priest (D:3)
  Jessica (D:3)
  An adder (D:2)
  2 worms
  2 dart slugs
  10 orcs
  3 endoplasms
  A giant cockroach (D:1)
  A goblin (D:2)
  5 hobgoblins
  4 jackals (D:1)
  3 ball pythons
  6 bats
  A frilled lizard (D:1)
  5 kobolds
  5 rats
51 creatures vanquished.

Vanquished Creatures (collateral kills)
  4 foxfires (D:2)
4 creatures vanquished.

Vanquished Creatures (others)
  65 foxfires
  A plant (D:1)
66 creatures vanquished.

Grand Total: 121 creatures vanquished

Notes
Turn   | Place    | Note
-------+----------+-------------------------------------------
     0 | D:1      | Smoke131 the Draconian Fire Elementalist began the quest
                  | for the Orb.
     0 | D:1      | Reached XP level 1. HP: 14/14 MP: 3/3
   317 | D:1      | Reached XP level 2. HP: 18/20 MP: 5/5
   320 | D:1      | Learned a level 2 spell: Scorch
  1172 | D:2      | Reached XP level 3. HP: 21/26 MP: 0/6
  1536 | D:2      | Found a faded altar of an unknown god.
  1550 | D:2      | Got Plato's Precepts of Conduction
  1903 | D:3      | Reached XP level 4. HP: 33/33 MP: 2/8
  2033 | D:3      | Found a faded altar of an unknown god.
  2264 | D:3      | Found a radiant altar of Vehumet.
  2289 | D:3      | Became a worshipper of Vehumet
  2356 | D:3      | Noticed Jessica
  2363 | D:3      | Killed Jessica
  2964 | D:3      | Noticed Grinder
  2964 | D:3      | Paralysed by Grinder for 3 turns
  2974 | D:3      | Paralysed by Grinder for 5 turns
  2979 | D:3      | Killed from afar by Grinder

Illustrated notes

Levels and vault maps discovered:
D:1:      eino_arrival_druids_welcome, layout_basic
D:2:      layout_rooms, shapermc_ecumenical_altar_rom_forum, chequers_big_river
D:3:      layout_basic, mainiacjoe_overflow_cross_hatched,
          nicolae_overflow_ecumenical_swirl, uniq_jessica, uniq_grinder

Skill      XL: |  1  2  3 |
---------------+----------+-----
Dodging        | 2 |  2.7
Conjurations   | 2 |  2.3
Stealth        | |  1.7
Spellcasting   | |  2.9
Fire Magic     | |  3.8

Action                   |  1- 3 |  4- 6 || total
-------------------------+-------+-------++-------
Melee: Short sword       |    53 |       ||    53
       Tailslap          |     6 |     3 ||     9
       Flail             |    14 |    15 ||    29
       Staff             |       |    13 ||    13
 Cast: Foxfire           |    28 |    13 ||    41
       Scorch            |     2 |    13 ||    15
  Use: Potion            |       |     1 ||     1
 Stab: Sleeping          |     4 |       ||     4
Armor: Skin              |    24 |     8 ||    32
Dodge: Dodged            |    68 |    30 ||    98
